[Event "Late-Titled-Tuesday-Blitz-February-06-2024"]
[Site "Chess.com"]
[Date "2024.02.06"]
[Round "1"]
[White "topce"]
[Black "Druid24"]
[Result "1-0"]
[WhiteElo "2390"]
[BlackElo "2670"]
[TimeControl "180+1"]
[EndTime "14:05:31 PST"]
[Termination "topce won by resignation"]

1. c4 e6 2. Nc3 Bb4 3. Qc2 Ne7 4. a3 Bxc3 5. Qxc3 O-O 6. b4 d5 7. Bb2 f6 8. cxd5 Nxd5 9. Qc2 Nc6 10. e3 e5 11. Bc4 Be6 12. Nf3 Nce7 13. O-O Kh8 14.
d4 exd4 15. Nxd4 Bg8 16. Rac1 c6 17. Ba2 Qd7 18. Bb1 Ng6 19. Qf5 Qe7 20. Qh5 Qf7 21. Nf5 Rad8 22. Rfd1 Qe8 23. Qf3 Ne5 24. Qg3 g6 25. Nd4 Qe7 26. Ne2 Rfe8 27. e4 Nc7 28. Nf4 Rxd1+ 29. Rxd1 Rd8 30. Rc1 Rd2 31. Bc3 Rd6 32. h4 Nb5 33. Bb2 Nd4 34. Kh1 Nb3 35. Re1 Nd2 36. Qh2 Nxb1 37. Rxb1 Rd2 38. h5 g5 39. Bxe5 Qxe5 40. Nh3 Qd4 41. h6 Rd1+ 42.
Rxd1 Qxd1+ 43. Ng1 Qh5 44. Qxh5 1-0

[Event "Late-Titled-Tuesday-Blitz-February-06-2024"]
[Site "Chess.com"]
[Date "2024.02.06"]
[Round "1"]
[White "xakevicius91"]
[Black "Hooded_Old_Man"]
[Result "1-0"]
[WhiteElo "2608"]
[BlackElo "2241"]
[TimeControl "180+1"]
[EndTime "14:05:34 PST"]
[Termination "xakevicius91 won by checkmate"]

1. e4 d6 2. d4 Nf6 3. Nc3 e5 4. Nge2 Nc6 5. h3 Be7 6. g4 exd4 7. Nxd4 Nxd4 8. Qxd4 O-O 9. Bg2 Be6 10. O-O Nd7 11. Be3 Bf6 12. Qd2 Ne5 13. b3 g5 14. Rad1 Ng6 15.
Ne2 h6 16. f4 gxf4 17. Nxf4 Nxf4 18. Bxf4 Bg5 19. Rf2 Bxf4 20. Qxf4 Qg5 21. Qg3 a5 22. a4 Rae8 23. Qf4 Qxf4 24. Rxf4 f6 25. Kf2 Kg7 26. Rf3 Bd7 27. c4 Rxe4 28. Rc3 Re5 29. Kg3 Bc6 30.
Bxc6 bxc6 31. Rf1 f5 32. Rcf3 Kg6 33. h4 c5 34. R1f2 h5 35. g5 Re4 36. Kh3 f4 37. Kg2 Kf5 38. Rd2 Rfe8 39. Rdf2 Kg4 40.
Kh2 Re2 41. Rxf4# 1-0

[Event "Late-Titled-Tuesday-Blitz-February-06-2024"]
[Site "Chess.com"]
[Date "2024.02.06"]
[Round "1"]
[White "patzersame"]
[Black "CaspiIsrael"]
[Result "0-1"]
[WhiteElo "2364"]
[BlackElo "2679"]
[TimeControl "180+1"]
[EndTime "14:05:35 PST"]
[Termination "CaspiIsrael won by resignation"]

1. e4 d5 2. exd5 Qxd5 3. Nf3 Bg4 4. Be2 Nc6 5. O-O O-O-O 6. a3 e5 7. c4 Qd7 8. b4 e4 9. b5 exf3 10. bxc6 Qxc6 11. Bxf3 Bxf3 12. Qxf3 Qxf3 13. gxf3 Ne7 14. Nc3 Nf5 15. Rb1 Rd3 16. Re1 Bd6 17. Nb5 a6 18. Nxd6+ Nxd6 19. c5 Nf5 20. c6 b6 21. Re5 Nd4 22.
Re3 Nxf3+ 23. Kg2 Rxe3 24. fxe3 Ne5 25. d4 Nxc6 26. Kf3 Re8 27. Bb2 f5 28. h4 g6 29.
h5 Ne7 30. hxg6 hxg6 31. e4 fxe4+ 32. Kxe4 Nf5+ 33. Kf4 Re2 34. d5 Kd7 35. Be5 Ne7 36. Rd1 g5+ 0-1

[Event "Late-Titled-Tuesday-Blitz-February-06-2024"]
[Site "Chess.com"]
[Date "2024.02.06"]
[Round "1"]
[White "Bkmzzzzz"]
[Black "yaguigor"]
[Result "1-0"]
[WhiteElo "2411"]
[BlackElo "2717"]
[TimeControl "180+1"]
[EndTime "14:05:37 PST"]
[Termination "Bkmzzzzz won on time"]

1. e4 c5 2. Nf3 Nc6 3. Bb5 g6 4. O-O Bg7 5. c3 e5 6. b4 cxb4 7. d4 Nge7 8. d5 a6 9. Be2 Nb8 10. cxb4 d6 11. Nc3 O-O 12. Be3 h6 13. Qd2 Kh7 14.
a3 f5 15. exf5 gxf5 16. Qc2 Ng6 17. Rac1 Nd7 18. h3 Nf6 19. Nh2 f4 20. Bd2 1-0

[Event "Late-Titled-Tuesday-Blitz-February-06-2024"]
[Site "Chess.com"]
[Date "2024.02.06"]
[Round "1"]
[White "bescmelasti"]
[Black "Boninknights"]
[Result "1-0"]
[WhiteElo "2667"]
[BlackElo "2350"]
[TimeControl "180+1"]
[EndTime "14:05:37 PST"]
[Termination "bescmelasti won by resignation"]

1. e4 e5 2. Nf3 Qe7 3. Nc3 c6 4. d4 d6 5. Bc4 g6 6. Bg5 Nf6 7. a4 a5 8. O-O h6 9. Bh4 Bg7 10. h3 O-O 11. Re1 Na6 12. Bg3 Nh5 13.
Bh2 Nb4 14. Ne2 d5 15. Bb3 dxe4 16. Nxe5 Be6 17. c3 Nd5 18. g4 Nhf6 19. Ng3 Nf4 20. Nxe4 Nxh3+ 21. Kg2 Nxe4 22. Rxe4 Ng5 23. Re3 Bxb3 24.
Qxb3 Kh7 25. Nxg6 Qf6 26. Nxf8+ Rxf8 27. Be5 1-0

[Event "Late-Titled-Tuesday-Blitz-February-06-2024"]
[Site "Chess.com"]
[Date "2024.02.06"]
[Round "1"]
[White "rdarruda"]
[Black "gurudub"]
[Result "0-1"]
[WhiteElo "2548"]
[BlackElo "2104"]
[TimeControl "180+1"]
[EndTime "14:05:37 PST"]
[Termination "gurudub won by resignation"]

1. d4 Nf6 2. Nf3 g6 3. Nc3 d5 4. Bg5 Bg7 5. Bxf6 Bxf6 6. e4 dxe4 7. Nxe4 Bg7 8. Bc4 O-O 9. Qe2 Bg4 10. Rd1 Nc6 11. c3 e5 12. dxe5 Qe7 13. Nf6+ Bxf6 14. exf6 Qxf6 15. O-O Rfe8 16. Qc2 Bxf3 17. gxf3 Ne5 18.
Bd5 Nxf3+ 19. Bxf3 Qxf3 20. Rd4 Re5 21. h4 c5 22. Qd1 Qf6 23. Rg4 h5 24. Rg3 Qxh4 25.
Qd7 Qe7 26. Qd5 Rxd5 0-1

[Event "Late-Titled-Tuesday-Blitz-February-06-2024"]
[Site "Chess.com"]
[Date "2024.02.06"]
[Round "1"]
[White "Baronessa08"]
[Black "SantoBlue"]
[Result "1-0"]
[WhiteElo "2525"]
[BlackElo "2957"]
[TimeControl "180+1"]
[EndTime "14:05:39 PST"]
[Termination "Baronessa08 won by resignation"]

1. Nf3 d5 2. d4 Nf6 3. c4 c6 4. e3 Bg4 5. Nc3 e6 6. h3 Bh5 7. g4 Bg6 8. Ne5 Nbd7 9. Nxg6 hxg6 10. cxd5 cxd5 11. Bg2 Bd6 12. O-O a6 13. Bd2 O-O 14.
Rc1 Nb6 15. b3 Qe7 16. Qe2 Rac8 17. Nb1 Ne4 18. Ba5 Nd7 19. Nd2 f5 20. Nxe4 fxe4 21. Rxc8 Rxc8 22. f3 exf3 23. Bxf3 g5 24. Qd3 Nf6 25.
Bd2 e5 26. Qf5 e4 27. Qxc8+ Kh7 28. Bg2 Bc7 29. Qf5+ Kg8 30. Qxg5 Qd6 31. Rf4 Qc6 32. Rf5 Qd6 33. Be1 Bd8 34. Qg6 Qa3 35. Bg3 Qc1+ 36. Kh2 Be7 37. Be5 Qc6 38. Bxf6 Bxf6 39. Rxf6 Qxf6 40.
Qxf6 gxf6 41. Kg3 1-0

[Event "Late-Titled-Tuesday-Blitz-February-06-2024"]
[Site "Chess.com"]
[Date "2024.02.06"]
[Round "1"]
[White "jsdbv18"]
[Black "GAusal"]
[Result "1-0"]
[WhiteElo "2624"]
[BlackElo "2291"]
[TimeControl "180+1"]
[EndTime "14:05:43 PST"]
[Termination "jsdbv18 won by resignation"]

1. d4 d5 2. Nf3 c6 3. c4 Nf6 4. e3 g6 5. b3 Bg7 6. Be2 O-O 7. O-O Bg4 8. Nbd2 Nbd7 9. h3 Bf5 10.
Bb2 Ne4 11. Nh4 Nxd2 12. Qxd2 Be6 13. Nf3 f5 14. Ng5 Bf7 15. Rfc1 e6 16. f4 Nf6 17. Bd3 Ne4 18. Nxe4 fxe4 19. Be2 Qe7 20. a4 a6 21. Ba3 Qd7 22. Bxf8 Rxf8 23. b4 Be8 24.
b5 cxb5 25. cxb5 Qd6 26. bxa6 bxa6 27. Qa5 g5 28. Qxa6 Qe7 29. Bg4 Bf7 30. fxg5 Qxg5 31. Qe2 h5 32. Ra3 hxg4 33. Qxg4 Qxg4 34. hxg4 Ra8 35. a5 Ra6 36. Rb1 Bf8 37. Ra2 Bh6 38. Kf2 Bf8 39. Rb6 Ra7 40. a6 Be8 41. Rb7 Ra8 42. a7 Bc6 43. Rb6 Bd7 44. Rb8 Bc6 45. Rxa8 Bxa8 46. Rb2 Kf7 47. Rb8 Bc6 48. Rc8 1-0

[Event "Late-Titled-Tuesday-Blitz-February-06-2024"]
[Site "Chess.com"]
[Date "2024.02.06"]
[Round "1"]
[White "TheKingDoctor"]
[Black "DavidGavrilescu18"]
[Result "0-1"]
[WhiteElo "2409"]
[BlackElo "2766"]
[TimeControl "180+1"]
[EndTime "14:05:44 PST"]
[Termination "DavidGavrilescu18 won by resignation"]

1. e4 c5 2. c3 Nf6 3. e5 Nd5 4. d4 cxd4 5. cxd4 e6 6. Nf3 d6 7. a3 Be7 8. Bd3 O-O 9. O-O dxe5 10. dxe5 b6 11. Qe2 Bb7 12. Bd2 Nd7 13. Rc1 Nc5 14. Bc2 Ba6 15. Qd1 Rc8 16. Nc3 Nd3 17. Bxd3 Bxd3 18.
Bg5 Bxg5 19. Nxg5 Nxc3 20. Rxc3 Rxc3 21. bxc3 Qxg5 22. Qxd3 Qxe5 23. g3 g6 24. Rd1 Rc8 25.
c4 h5 26. h4 Qc5 27. Qf3 Qe7 28. Rd4 e5 29. Rd1 Rxc4 30. Qa8+ Kh7 31. Rd8 Qf6 32. Rd7 Rc2 33. Qg2 e4 34. g4 e3 35. gxh5 Rc1+ 36. Kh2 Qxh4+ 37. Qh3 Rh1+ 38. Kxh1 Qxh3+ 39. Kg1 exf2+ 40. Kxf2 Qxd7 41. hxg6+ Kxg6 0-1

[Event "Late-Titled-Tuesday-Blitz-February-06-2024"]
[Site "Chess.com"]
[Date "2024.02.06"]
[Round "1"]
[White "Paladin61"]
[Black "inagreV"]
[Result "1-0"]
[WhiteElo "2658"]
[BlackElo "2340"]
[TimeControl "180+1"]
[EndTime "14:05:44 PST"]
[Termination "Paladin61 won by resignation"]

1. e4 c6 2. d4 d5 3. exd5 cxd5 4.
Bd3 Nc6 5. c3 Qc7 6. Ne2 Bg4 7.
O-O e6 8. Qe1 Bxe2 9. Qxe2 Bd6 10. g3 Nge7 11. Nd2 e5 12. dxe5 Nxe5 13. Bb5+ Kf8 14. Nf3 a6 15. Ba4 Nc4 16. Re1 b5 17.
Bc2 h6 18. a4 bxa4 19. Rxa4 g6 20. Bd3 Nb6 21. Rxa6 Rxa6 22. Bxa6 Kg7 23. Nd4 Nc6 24.
Be3 Re8 25. Nxc6 Qxc6 26. Bb5 1-0

[Event "Late-Titled-Tuesday-Blitz-February-06-2024"]
[Site "Chess.com"]
[Date "2024.02.06"]
[Round "1"]
[White "reevecanada"]
[Black "Englishman_18"]
[Result "1-0"]
[WhiteElo "2562"]
[BlackElo "2075"]
[TimeControl "180+1"]
[EndTime "14:05:47 PST"]
[Termination "reevecanada won by checkmate"]

1. e4 c5 2. Nf3 d6 3. Bb5+ Bd7 4.
Bxd7+ Qxd7 5. O-O Nc6 6. Re1 Nf6 7. c3 e6 8. d4 cxd4 9. cxd4 d5 10. e5 Ne4 11. Nbd2 Nxd2 12. Bxd2 Be7 13. Rc1 O-O 14.
Rc3 Rac8 15. a3 a6 16. Rd3 b5 17. Ng5 h6 18. Nh3 b4 19. Qg4 Kh7 20. axb4 Nxb4 21. Rg3 Rg8 22. Qh5 Nc2 23. Qxf7 Nxe1 24. Bxh6 Bh4 25.
Qxd7 Bxg3 26. hxg3 Kxh6 27. Qxe6+ Kh7 28. Ng5+ Kh8 29.
Qh3# 1-0

[Event "Late-Titled-Tuesday-Blitz-February-06-2024"]
[Site "Chess.com"]
[Date "2024.02.06"]
[Round "1"]
[White "HajiyevKanan"]
[Black "LUISMIGUELOV"]
[Result "1-0"]
[WhiteElo "2604"]
[BlackElo "2222"]
[TimeControl "180+1"]
[EndTime "14:05:48 PST"]
[Termination "HajiyevKanan won by checkmate"]

1. d4 d5 2. Nf3 Nf6 3. c4 c6 4. cxd5 cxd5 5. Nc3 Nc6 6. Bg5 Ne4 7. Bf4 f5 8. Qb3 e6 9. e3 Bd6 10. Bxd6 Qxd6 11. Bd3 O-O 12. O-O b6 13. Rac1 Bd7 14.
a3 Na5 15. Qb4 Qxb4 16. axb4 Nc6 17. Bb5 Nb8 18. Bd3 Rd8 19. Ne5 Be8 20. Bxe4 fxe4 21.
b5 a6 22. Ra1 a5 23. b4 Nd7 24. Nc6 axb4 25. Nxd8 Rxa1 26. Rxa1 bxc3 27. Nxe6 Kf7 28.
Nc7 Nf6 29. Rc1 Bd7 30. Rxc3 Ne8 31. Nxd5 Bxb5 32. Nxb6 Bd3 33. Nd5 Nd6 34. Rc7+ Kg6 35. Nf4+ Kf5 36. Rxg7 h6 37. Rg6 Nf7 38. g4# 1-0

[Event "Late-Titled-Tuesday-Blitz-February-06-2024"]
[Site "Chess.com"]
[Date "2024.02.06"]
[Round "1"]
[White "Romadk"]
[Black "JRenatoMaranhao"]
[Result "1-0"]
[WhiteElo "2550"]
[BlackElo "2020"]
[TimeControl "180+1"]
[EndTime "14:05:48 PST"]
[Termination "Romadk won on time"]

1. d4 d5 2. Nf3 Nf6 3. g3 c6 4. Bg2 Nbd7 5. c4 g6 6. Nc3 Bg7 7. cxd5 cxd5 8. O-O O-O 9. Qb3 b6 10. Nxd5 Nxd5 11. Qxd5 Ba6 12. Re1 Rc8 13. Bh3 Rc7 14. Bf4 e5 15. Nxe5 Bb7 16. Qd6 f5 17. Nxg6 hxg6 18. Qxc7 Qxc7 19. Bxc7 Bxd4 20. Rad1 Rc8 21.
Bf4 Rc4 22. b3 Rb4 23. e3 Bc3 24. Rxd7 Bxe1 25. Rxb7 a5 26. Bc7 a4 27. Rxb6 axb3 28.
axb3 1-0

[Event "Late-Titled-Tuesday-Blitz-February-06-2024"]
[Site "Chess.com"]
[Date "2024.02.06"]
[Round "1"]
[White "chrisclaireredfield"]
[Black "Einherjar521"]
[Result "1-0"]
[WhiteElo "2564"]
[BlackElo "2091"]
[TimeControl "180+1"]
[EndTime "14:05:51 PST"]
[Termination "chrisclaireredfield won by resignation"]

1. Nf3 Nf6 2. g3 g6 3. Bg2 Bg7 4. O-O O-O 5. d4 d6 6. b3 c5 7. Bb2 Nc6 8. d5 Na5 9. c4 a6 10. a4 Rb8 11. Bc3 b6 12. Nbd2 Bd7 13. Qc2 Nh5 14.
Bxg7 Nxg7 15. Qc3 Qc7 16. e4 f6 17. Ne1 Ra8 18. Nd3 b5 19. f4 bxc4 20. bxc4 Rab8 21.
e5 Nf5 22. e6 Nd4 23. Kf2 Bc8 24. Rfb1 Bb7 25. Nf3 Ba8 26. Nxd4 cxd4 27. Qxd4 Qxc4 28.
Qxc4 Nxc4 29. Rxb8 Rxb8 30. Rc1 Nb6 31. Rb1 Nd7 32.
exd7 1-0

[Event "Late-Titled-Tuesday-Blitz-February-06-2024"]
[Site "Chess.com"]
[Date "2024.02.06"]
[Round "1"]
[White "stepanosinovsky"]
[Black "chenxiaoyuer"]
[Result "0-1"]
[WhiteElo "2397"]
[BlackElo "2739"]
[TimeControl "180+1"]
[EndTime "14:05:55 PST"]
[Termination "chenxiaoyuer won on time"]

1. e4 c5 2. Nf3 d6 3. d4 cxd4 4. Nxd4 Nf6 5. Nc3 Nc6 6. Be3 Ng4 7. Bb5 Nxe3 8. fxe3 Bd7 9. Bxc6 bxc6 10. O-O e6 11.
Qf3 Qf6 12. Qxf6 gxf6 13. Rxf6 Bg7 14. Rf2 Ke7 15. Raf1 Raf8 16. b3 a5 17. a4 h5 18.
Nce2 h4 19. Nf3 c5 20. Nf4 Bc6 21. Nd2 Bc3 22. Nb1 Be5 23. Nd2 Rhg8 24. Re1 Bc3 25. Ref1 Bxd2 26. Rxd2 Bxe4 27. Nd3 f5 28. Nb2 d5 29. Nd3 Kd6 30. Nf4 Ke5 31. Rfd1 Rg7 32. Kf1 Rfg8 33. Rf2 Kf6 34. Rdd2 Rc7 35. Rd1 c4 36.
Rfd2 cxb3 37. cxb3 Rc3 38. Kf2 Rxb3 39. Rc1 Rgb8 40.
Rc6 R3b6 41. Rc7 Ke5 42. Ng6+ Kd6 43. Rh7 Rb2 0-1

[Event "Late-Titled-Tuesday-Blitz-February-06-2024"]
[Site "Chess.com"]
[Date "2024.02.06"]
[Round "1"]
[White "SimplyDevina"]
[Black "KantorGergely"]
[Result "0-1"]
[WhiteElo "2406"]
[BlackElo "2764"]
[TimeControl "180+1"]
[EndTime "14:05:56 PST"]
[Termination "KantorGergely won by resignation"]

1. d4 d5 2. c4 c6 3. Nc3 e6 4. cxd5 exd5 5. Bf4 Bf5 6. e3 Nf6 7. Bd3 Bxd3 8. Qxd3 Bd6 9. Bxd6 Qxd6 10. Nf3 Nbd7 11.
Rc1 O-O 12. O-O Rae8 13. a3 a5 14. Na4 Ne4 15. Rc2 f5 16. Rfc1 f4 17. exf4 Rxf4 18. Nc5 Ndxc5 19. dxc5 Qg6 20. Qe3 Ref8 21. Ne5 Qh5 22.
Nd3 Rh4 23. h3 Ng5 24. f4 Nxh3+ 25. gxh3 Rxh3 26. Qe6+ Kh8 27. Nf2 Rg3+ 28. Kf1 Qf3 29. Rc3 Qxf4 30. R1c2 Rg6 31. Qh3 Rh6 32. Qg3 Qe4 33.
Qg2 Rh1+ 34. Qxh1 Qxh1+ 35. Ke2 Qg2 36. Ke1 Qg1+ 0-1

[Event "Late-Titled-Tuesday-Blitz-February-06-2024"]
[Site "Chess.com"]
[Date "2024.02.06"]
[Round "1"]
[White "WindWhistler11"]
[Black "Fandorine"]
[Result "0-1"]
[WhiteElo "2508"]
[BlackElo "2961"]
[TimeControl "180+1"]
[EndTime "14:05:59 PST"]
[Termination "Fandorine won by resignation"]

1. Nf3 Nf6 2. g3 d5 3. c4 e6 4. Bg2 Be7 5. b3 d4 6. e3 c5 7.
exd4 cxd4 8. d3 O-O 9. O-O Nc6 10. Re1 a5 11. Na3 a4 12. bxa4 Nd7 13. Nb5 Nc5 14. Ba3 f6 15. Bxc5 Bxc5 16. Nd2 e5 17. Nb3 Bb4 18.
Re2 Be6 19. a3 Be7 20. Nd2 Kh8 21. Qb3 f5 22. Bxc6 bxc6 23. Rxe5 Bg8 24. Rae1 Bf6 25. Rxf5 cxb5 26. Rxb5 Bf7 27. Ne4 h6 28. Nc5 Qc8 29. Nb7 Qc6 30. Rb6 Qf3 31. Nd6 Bg6 32. Ne4 Bxe4 33.
Rxe4 Bd8 0-1

[Event "Late-Titled-Tuesday-Blitz-February-06-2024"]
[Site "Chess.com"]
[Date "2024.02.06"]
[Round "1"]
[White "DanielNaroditsky"]
[Black "Truequitos"]
[Result "1-0"]
[WhiteElo "3204"]
[BlackElo "2532"]
[TimeControl "180+1"]
[EndTime "14:06:00 PST"]
[Termination "DanielNaroditsky won by resignation"]

1. e4 e6 2. d4 d5 3. Nd2 c5 4.
Ngf3 cxd4 5. Nxd4 Nf6 6. exd5 Nxd5 7. N2f3 Bc5 8. Bc4 O-O 9. O-O a6 10. Bg5 Be7 11. Bxe7 Nxe7 12. Qe2 Nbc6 13. Rad1 Qc7 14. c3 b5 15. Nxc6 Qxc6 16. Bd3 Bb7 17. Rfe1 Rad8 18. Bc2 g6 19. h4 Nd5 20. Qe5 Nb6 21. h5 Rd5 22.
Rxd5 Qxd5 23. hxg6 hxg6 24. Qg3 Nc4 25. Bxg6 fxg6 26.
Qxg6+ Kh8 27. Rxe6 Qxe6 28. Qxe6 Bxf3 29. gxf3 1-0

[Event "Late-Titled-Tuesday-Blitz-February-06-2024"]
[Site "Chess.com"]
[Date "2024.02.06"]
[Round "1"]
[White "Road2GM3000"]
[Black "mitrabhaa"]
[Result "0-1"]
[WhiteElo "2497"]
[BlackElo "2941"]
[TimeControl "180+1"]
[EndTime "14:06:00 PST"]
[Termination "mitrabhaa won by resignation"]

1. d4 Nf6 2. c4 e6 3. Nc3 Bb4 4. Nf3 O-O 5. Bg5 h6 6. Bh4 b6 7. e3 Bb7 8. Bd3 d6 9. O-O Bxc3 10. bxc3 Nbd7 11. Nd2 e5 12. e4 Re8 13. f4 exf4 14.
Qf3 Nf8 15. Qxf4 Ng6 16. Bxf6 Nxf4 17. Bxd8 Nxd3 18. Bxc7 Re6 19. Rf3 Nb2 20. Raf1 Bxe4 21.
Rxf7 Bd3 22. R1f3 Re1+ 23. Nf1 Rxf1+ 24. Rxf1 Bxf1 25. Rxf1 Nxc4 26. Re1 Kf7 27. Rf1+ Ke7 28. Rf3 Rc8 29. Rg3 Kf7 30. Rf3+ Kg8 31. Bxd6 Nxd6 32.
Kf1 Nb5 33. Ke2 Nxc3+ 34. Kd3 Nxa2 35. Ke4 Nb4 36. d5 Re8+ 37. Kd4 Rd8 38. Rf5 Rxd5+ 39. Rxd5 Nxd5 40. Kxd5 0-1

[Event "Late-Titled-Tuesday-Blitz-February-06-2024"]
[Site "Chess.com"]
[Date "2024.02.06"]
[Round "1"]
[White "Ticondriul"]
[Black "semchik73"]
[Result "1-0"]
[WhiteElo "2721"]
[BlackElo "2384"]
[TimeControl "180+1"]
[EndTime "14:06:01 PST"]
[Termination "Ticondriul won by resignation"]

1. d4 d5 2. Nf3 c6 3. e3 Nf6 4.
Bd3 Bg4 5. O-O e6 6. c4 Be7 7.
h3 Bh5 8. Nbd2 O-O 9. b3 Nbd7 10.
Bb2 Rc8 11. a3 c5 12. Qe2 cxd4 13. Bxd4 Nc5 14. Bxc5 Bxc5 15. b4 Bd6 16. Rfd1 Bb8 17. Rac1 e5 18. Bf5 e4 19. Nxe4 Nxe4 20. Bxe4 dxe4 21.
Rxd8 Rfxd8 22. g4 exf3 23. Qxf3 Bg6 24. Qxb7 Rc7 25. Qf3 Rcd7 26. c5 Be5 27. c6 Rc7 28. b5 Rd6 29. a4 h6 30. Rc5 Bf6 31. a5 Re6 32. b6 axb6 33. axb6 Rce7 34. c7 Be4 35.
c8=Q+ Re8 36. Qxe6 Rxe6 37. Qd1 Rxb6 38. Qd7 Rb1+ 39. Kh2 Bh4 40. Qe8+ Kh7 41. Qxe4+ 1-0

[Event "Late-Titled-Tuesday-Blitz-February-06-2024"]
[Site "Chess.com"]
[Date "2024.02.06"]
[Round "1"]
[White "Veleamater"]
[Black "AndreyOstrovskiy"]
[Result "0-1"]
[WhiteElo "2342"]
[BlackElo "2659"]
[TimeControl "180+1"]
[EndTime "14:06:02 PST"]
[Termination "AndreyOstrovskiy won by resignation"]

1. g3 d5 2. Bg2 Nf6 3. d3 h5 4. Nf3 Nc6 5. O-O e5 6. Nc3 d4 7. Ne4 Nxe4 8. dxe4 f6 9. e3 Bg4 10. h3 Be6 11. exd4 exd4 12. Ne1 Qd7 13. Kh2 h4 14. g4 g5 15. Nd3 Bd6+ 16. Kh1 O-O-O 17. Bd2 Ne5 18. Qe2 c5 19. b3 Kb8 20. Nb2 Ng6 21. f3 Bf4 22. Be1 Be3 23. a4 Nf4 24. Qd1 d3 25. Nxd3 Nxd3 26. cxd3 Qxd3 27. Qb1 Bxb3 28. Ba5 b6 29. Qxd3 Rxd3 30. Be1 c4 31. Bb4 Re8 32.
Rfe1 a5 33. Ba3 Bd2 34. Rg1 c3 35. Bf1 Rxf3 36. Bb5 Rxe4 37. Bd6+ Kb7 38. Rgf1 Rxh3+ 39. Kg2 Rhe3 40. Rxf6 Rxg4+ 41. Kf2 Rd4 42. Rf7+ Bxf7 0-1

[Event "Late-Titled-Tuesday-Blitz-February-06-2024"]
[Site "Chess.com"]
[Date "2024.02.06"]
[Round "1"]
[White "biostatistician"]
[Black "aleksanchess"]
[Result "1-0"]
[WhiteElo "2607"]
[BlackElo "2223"]
[TimeControl "180+1"]
[EndTime "14:06:02 PST"]
[Termination "biostatistician won by resignation"]

1. d4 Nf6 2. Nf3 g6 3. c4 Bg7 4. Nc3 O-O 5. e4 d6 6. Be2 e5 7. dxe5 dxe5 8. Qxd8 Rxd8 9. Bg5 Re8 10. Nd5 Nxd5 11.
cxd5 c6 12. Bc4 b5 13. Bb3 c5 14. a4 Bd7 15. axb5 Bxb5 16. Nd2 Nd7 17. Bc4 a6 18.
Ke2 Nb6 19. b3 Reb8 20. Rhb1 Nc8 21. Be3 Bf8 22. Kd3 Kg7 23. Ra2 f5 24. f3 a5 25.
Rba1 a4 26. Bxb5 Rxb5 27. Rxa4 Rxa4 28. bxa4 Rb2 29. a5 Na7 30. a6 Kf6 31. g3 Bd6 32. h4 Bb8 33. Rb1 Rxb1 34. Nxb1 Bd6 35. Kc4 Ke7 36.
Bxc5 Bxc5 37. Kxc5 Kd7 38. Nc3 h6 39. Nb5 g5 40.
hxg5 hxg5 41. g4 1-0

[Event "Late-Titled-Tuesday-Blitz-February-06-2024"]
[Site "Chess.com"]
[Date "2024.02.06"]
[Round "1"]
[White "best926"]
[Black "ChEsper99"]
[Result "1-0"]
[WhiteElo "2606"]
[BlackElo "2223"]
[TimeControl "180+1"]
[EndTime "14:06:02 PST"]
[Termination "best926 won on time"]

1. Nf3 d5 2. g3 g6 3. Bg2 Bg7 4. O-O e5 5. d3 Ne7 6. Nbd2 Nbc6 7. e4 O-O 8. c3 h6 9. Re1 Be6 10. b4 a6 11. a4 Qd7 12. Bb2 dxe4 13. dxe4 Kh7 14. Qc2 Rfd8 15. Bf1 Rf8 16. Nc4 f6 17. Rad1 Qe8 18. Ne3 Qf7 19. b5 axb5 20. axb5 Bb3 21. Qc1 Bxd1 22. Qxd1 Na5 23. h4 Rfd8 24. Qc2 h5 25. c4 c6 26. b6 c5 27. Nd5 Nac6 28.
g4 hxg4 29. Nh2 Nxd5 30. exd5 Nd4 31. Bxd4 exd4 32. h5 f5 33. Bd3 gxh5 34. Bxf5+ Kh8 35.
Re6 Re8 36. Qe4 Rxe6 37. dxe6 Qf6 38. Nf1 Ra1 39. Kg2 Ra2 40. e7 Ra8 41. Bg6 Qe5 42.
Qxe5 Bxe5 43. e8=Q+ Rxe8 44. Bxe8 d3 45. Bxh5 Bc3 46. Bxg4 d2 47. Ne3 Ba5 48. Nd5 Kg7 49.
Kf1 Kg6 50. Ke2 Kg5 51. Bc8 1-0

[Event "Late-Titled-Tuesday-Blitz-February-06-2024"]
[Site "Chess.com"]
[Date "2024.02.06"]
[Round "1"]
[White "olawsson"]
[Black "chessisveryfun1264"]
[Result "0-1"]
[WhiteElo "2169"]
[BlackElo "2579"]
[TimeControl "180+1"]
[EndTime "14:06:02 PST"]
[Termination "chessisveryfun1264 won on time"]

1. d4 e6 2. c4 b6 3. Nf3 Bb7 4. g3 Bb4+ 5. Nbd2 f5 6. Bg2 Nf6 7. O-O O-O 8. a3 Bxd2 9. Bxd2 d6 10. b4 Ne4 11. Qc2 Nd7 12. Rfd1 Rc8 13. Be1 Qe7 14. Rab1 Ndf6 15. c5 bxc5 16. bxc5 Bd5 17. Bb4 Qd7 18. Rdc1 Ng4 19. c6 Qe7 20. Be1 Rb8 21. Qa4 Rxb1 22.
Rxb1 Qe8 23. Qxa7 Qxc6 24. h3 Ngf6 0-1

[Event "Late-Titled-Tuesday-Blitz-February-06-2024"]
[Site "Chess.com"]
[Date "2024.02.06"]
[Round "1"]
[White "FMOlexandrProhorov"]
[Black "AldokhinIvan"]
[Result "0-1"]
[WhiteElo "2291"]
[BlackElo "2624"]
[TimeControl "180+1"]
[EndTime "14:06:03 PST"]
[Termination "AldokhinIvan won on time"]

1. d4 Nf6 2. c4 g6 3. Nc3 Bg7 4. Nf3 O-O 5. e4 d6 6. Be2 Nc6 7. O-O Re8 8. h3 e5 9. d5 Nd4 10. Bg5 Nxe2+ 11. Qxe2 h6 12. Bxf6 Bxf6 13. b4 Bg7 14. c5 f5 15. Nd2 f4 16. f3 Bf8 17.
Rac1 dxc5 18. b5 g5 19. Nc4 Bd6 20. a4 h5 21. Rfd1 Re7 22. Kf2 g4 23. hxg4 hxg4 24. Ke1 Rg7 25. Kd2 a6 26. Rh1 axb5 27. axb5 b6 28.
Kc2 Bd7 29. Rh6 Qe7 30. Rch1 Kf7 31. Kb3 Rag8 32. Qa2 gxf3 33. gxf3 Rg6 34. Rh7+ R8g7 35. Rh8 Rg3 36. Qh2 Qg5 37. Ra8 Rxf3 38. Qh8 Be7 39. Nd6+ Bxd6 0-1

[Event "Late-Titled-Tuesday-Blitz-February-06-2024"]
[Site "Chess.com"]
[Date "2024.02.06"]
[Round "1"]
[White "TigrVShlyape"]
[Black "Sjakkerntobi"]
[Result "1-0"]
[WhiteElo "2934"]
[BlackElo "2495"]
[TimeControl "180+1"]
[EndTime "14:06:04 PST"]
[Termination "TigrVShlyape won by checkmate"]

1. d4 Nf6 2. Bf4 d5 3. e3 c5 4. c3 Nc6 5. Nd2 e6 6. Ngf3 Bd6 7. Bg3 O-O 8. Bd3 b6 9. Qe2 Bb7 10. Rd1 Ne7 11. Ne5 Nf5 12. Bf4 Be7 13. g4 Nd6 14. g5 Nfe4 15. Rg1 cxd4 16. exd4 Nxd2 17. Kxd2 Rc8 18. Kc1 b5 19. Kb1 a5 20. Qh5 Nf5 21.
Ng4 Kh8 22. Rg3 h6 23. Nxh6 gxh6 24. Bxf5 exf5 25. Be5+ Kg8 26. gxh6+ Kh7 27. Qxf5+ Kxh6 28. Bg7# 1-0

[Event "Late-Titled-Tuesday-Blitz-February-06-2024"]
[Site "Chess.com"]
[Date "2024.02.06"]
[Round "1"]
[White "Attacker_2006"]
[Black "sergiochess83"]
[Result "0-1"]
[WhiteElo "2489"]
[BlackElo "2912"]
[TimeControl "180+1"]
[EndTime "14:06:06 PST"]
[Termination "sergiochess83 won on time"]

1. e4 e6 2. d4 d5 3. exd5 exd5 4.
Nf3 Bd6 5. Bd3 Ne7 6. O-O O-O 7. h3 Bf5 8. c3 Nbc6 9. Be3 Qd7 10. Re1 Rae8 11.
Qc2 Bg6 12. Nbd2 Nf5 13. Nf1 Re7 14. Bg5 f6 15. Rxe7 Nfxe7 16. Bd2 a6 17. Re1 Bxd3 18. Qxd3 Qf5 19. Qxf5 Nxf5 20. Ne3 Nxe3 21. Rxe3 g5 22. a4 b5 23. axb5 axb5 24. Re6 Kf7 25. Re2 Ra8 26.
Ne1 b4 27. g4 b3 28. Kg2 Na5 29. Nd3 Nc4 30. Be3 Ra2 31. Kf3 h6 32. Bc1 Ra1 33. Nc5 Bxc5 0-1